 Dungeon Crawl Stone Soup version 0.32-a0-841-g4648e6c457 (webtiles) character file.

Game seed: 5160165828576561795

1602777 backslashecho the Pyromancer (level 26, 199/199 HPs)
             Began as a Yellow Draconian Conjurer on Mar 23, 2024.
             Was the Champion of Vehumet.
             Escaped with the Orb
             ... and 3 runes on Mar 27, 2024!
             The game lasted 04:58:51 (74473 turns).

backslashecho the Pyromancer (DrCj)                Turns: 74473, Time: 04:58:51

Health: 199/199    AC: 26    Str: 23    XL:     26   Next: 11%
Magic:  45/45      EV: 15    Int: 31    God:    Vehumet [******]
Gold:   5034       SH: 28    Dex: 13    Spells: 11/61 levels left

rFire   + + .        a - staff of air
rCold   + . .        K - +10 tower shield of Ignorance {rN+ Int-4}
rNeg    + + .        (body armour unavailable)
rPois   +            U - +2 hat
rElec   +            I - +5 cloak "Lihunuank" {+Blink rC+ Str+4 Dex-3}
rCorr   +            L - +2 pair of gloves {Str+3}
SInv    +            F - +2 pair of boots {Stlth+}
Will    +....        h - amulet of magic regeneration
Stlth   ++           Y - ring "Ugocagu" {rF+ rN+ Str+3 SInv Stlth+}
HPRegen 0.53/turn    S - ring of Heihici {*Corrode rF+ Int+8 Dex+2}
MPRegen 0.69/turn

%: random rage (3%), corrode self (3%)
@: no status effects
A: caustic breath, AC +12, unfitting armour, acidic bite, cold-blooded, acid
resistance, agile 1, berserk 1, deterioration 1, poison resistance, strong 1
0: Orb of Zot
}: 3/15 runes: barnacled, slimy, gossamer
a: Caustic Breath, Renounce Religion, Evoke Blink


You escaped.
You worshipped Vehumet.
Vehumet was exalted by your worship.
You visited 11 branches of the dungeon, and saw 52 of its levels.
You also visited: Sewer and Gauntlet.

You collected 8016 gold pieces.
You spent 2982 gold pieces at shops.

Inventory:

Missiles
 s - 10 throwing nets
 O - 7 curare-tipped darts
Armour
 t - the +4 dragonskin cloak {Aegis}
   (You took it off Tiamat on level 3 of the Realm of Zot)

   Avatar's Aegis: It grants the wearer a chance to resist fire, cold, poison,
   electricity, acid, and negative energy.
 F - a +2 pair of boots of stealth (worn)
 I - the +5 cloak "Lihunuank" (worn) {+Blink rC+ Str+4 Dex-3}
   (You found it in a Gauntlet)

   Str+4:     It affects your strength (+4).
   Dex-3:     It affects your dexterity (-3).
   rC+:       It protects you from cold.
   +Blink:    It lets you blink.
 K - the +10 tower shield of Ignorance (worn) {rN+ Int-4}
   (You found it on level 4 of the Vaults)

   Int-4:     It affects your intelligence (-4).
   rN+:       It protects you from negative energy.
 L - a +2 pair of gloves of strength (worn)
 U - a +2 hat (worn)
Magical Staves
 a - a staff of air (weapon)
 b - a staff of conjuration
Jewellery
 h - an amulet of magic regeneration (around neck)
 y - a ring of willpower
 S - the ring of Heihici (right hand) {*Corrode rF+ Int+8 Dex+2}
   (You took it off a fire giant on level 2 of the Depths)

   [ring of protection from fire]

   Int+8:     It affects your intelligence (+8).
   Dex+2:     It affects your dexterity (+2).
   rF+:       It protects you from fire.
   *Corrode:  It may corrode you when you take damage.
 T - a ring of see invisible
 W - a ring of flight
 Y - the ring "Ugocagu" (left hand) {rF+ rN+ Str+3 SInv Stlth+}
   (You took it off a deep elf elementalist on level 3 of the Elven Halls)

   [ring of protection from fire]

   Str+3:     It affects your strength (+3).
   rF+:       It protects you from fire.
   rN+:       It protects you from negative energy.
   SInv:      It lets you see invisible.
   Stlth+:    It makes you more stealthy.
 Z - the ring "Puymaulo" {^Contam rPois rF+ rC+ Int+3}
   (You took it off a deep elf archer on level 3 of the Elven Halls)

   [ring of protection from cold]

   Int+3:     It affects your intelligence (+3).
   rF+:       It protects you from fire.
   rC+:       It protects you from cold.
   rPois:     It protects you from poison.
   ^Contam:   It causes magical contamination when unequipped.
Wands
 r - a wand of roots (26)
 D - a wand of acid (27)
 G - a wand of digging (18)
 H - a wand of flame (68)
 M - a wand of mindburst (33)
Scrolls
 c - 8 scrolls of immolation
 d - 7 scrolls of fear
 e - 3 scrolls of noise
 f - 11 scrolls of enchant armour
 i - 21 scrolls of teleportation
 m - 3 scrolls of summoning
 n - 26 scrolls of identify
 q - 5 scrolls of revelation
 v - 11 scrolls of amnesia
 w - 3 scrolls of blinking
 B - 7 scrolls of poison
 J - 5 scrolls of fog
Potions
 g - 7 potions of enlightenment
 k - 4 potions of magic
 l - 10 potions of ambrosia
 o - 9 potions of haste
 p - 6 potions of might
 u - 3 potions of brilliance
 x - 22 potions of heal wounds
 z - 7 potions of invisibility
 A - 19 potions of curing
 C - a potion of cancellation
 E - 4 potions of mutation
 Q - 3 potions of berserk rage
Miscellaneous
 j - a phantom mirror
 N - a lightning rod (4/4)
 P - a phial of floods
 R - a box of beasts
 V - a tin of tremorstones (2/2)


   Skills:
 - Level 9.0 Fighting
 - Level 12.0 Staves
 - Level 12.0 Dodging
 - Level 1.7 Stealth
 + Level 15.4 Shields
 - Level 18.0 Spellcasting
 - Level 15.0 Conjurations
 - Level 7.0 Necromancy
 - Level 5.0 Translocations
 + Level 23.9 Fire Magic
 - Level 22.2 Air Magic
 - Level 12.0 Earth Magic
 - Level 5.0 Alchemy
 - Level 6.0 Evocations


You had 11 spell levels left.
You knew the following spells:

 Your Spells              Type           Power      Damage    Failure   Level
a - Bombard               Conj/Erth      42%        9d7       1%          6
b - Blink                 Tloc           100%       N/A       1%          2
c - Borgnjor's Vile Clut  Necr/Erth      36%        N/A       1%          5
d - Maxwell's Capacitive  Air            64%        ∞         1%          8
e - Fireball              Conj/Fire      49%        3d19      1%          5
f - Iskenderun's Mystic   Conj/Tloc      74%        2d15      1%          4
h - Plasma Beam           Fire/Air       65%        2x1d81    1%          6
i - Ignition              Fire           54%        3d15      1%          8
j - Apportation           Tloc           100%       N/A       1%          1
x - Irradiate             Conj/Alch      37%        3d24      1%          5

Your spell library contained the following spells:

 Spells                   Type           Power      Damage    Failure   Level
 Fire Storm               Conj/Fire      49%        8d13      30%         9
 Chain Lightning          Conj/Air       60%        3d80      38%         9
 Shatter                  Erth           40%        3d31*     99%         9
 Foxfire                  Conj/Fire      100%       2x1d9     0%          1
 Magic Dart               Conj           100%       1d8       0%          1
 Shock                    Conj/Air       100%       1d9       0%          1
 Mercury Vapours          Alch/Air       100%       N/A       0%          2
 Searing Ray              Conj           100%       2d8       0%          2
 Static Discharge         Conj/Air       100%       3-8/arc   0%          2
 Swiftness                Air            100%       N/A       0%          3
 Airstrike                Air            64%        2d(10-26) 0%          4
 Flame Wave               Conj/Fire      99%        2d21      0%          4
 Kiss of Death            Conj/Necr      100%       2d13      1%          1
 Sandblast                Erth           100%       2d20      1%          1
 Sting                    Conj/Alch      100%       1d9       1%          1
 Cigotuvi's Dreadful Rot  Necr/Alch/Air  100%       N/A       1%          2
 Sublimation of Blood     Necr           63%        N/A       1%          2
 Dazzling Flash           Conj/Hex       100%       N/A       1%          3
 Fugue of the Fallen      Necr           63%        N/A       1%          3
 Gell's Gravitas          Tloc           56%        N/A       1%          3
 Hailstorm                Conj/Ice       65%        3d12      1%          3
 Inner Flame              Hex/Fire       80%        N/A       1%          3
 Passwall                 Erth           80%        N/A       1%          3
 Stone Arrow              Conj/Erth      100%       3d13      1%          3
 Teleport Other           Tloc           56%        N/A       1%          3
 Vampiric Draining        Necr           63%        2d10      1%          3
 Volatile Blastmotes      Fire/Tloc      100%       2d18      1%          3
 Brom's Barrelling Bould  Conj/Erth      84%        2d10      1%          4
 Dispel Undead            Necr           63%        3d22      1%          4
 Fulminant Prism          Conj/Alch      37%        3d17      1%          4
 Ignite Poison            Fire/Alch      87%        N/A       1%          4
 Olgreb's Toxic Radiance  Alch           56%        N/A       1%          4
 Petrify                  Alch/Erth      69%        N/A       1%          4
 Sticky Flame             Fire/Alch      87%        2d13      1%          4
 Summon Lightning Spire   Summ/Air       98%        N/A       1%          4
 Vhi's Electric Charge    Tloc/Air       100%       N/A       1%          4
 Arcjolt                  Conj/Air       60%        1d70      1%          5
 Freezing Cloud           Conj/Ice/Air   51%        6-21      1%          5
 Iskenderun's Battlesphe  Conj           88%        2d14      1%          5
 Lee's Rapid Deconstruct  Erth           40%        3d20*     1%          5
 Conjure Ball Lightning   Conj/Air       60%        3x3d22    1%          6
 Starburst                Conj/Fire      49%        6d14      1%          6
 Orb of Destruction       Conj           44%        9d12      1%          7
 Slow                     Hex            100%       N/A       3%          1
 Manifold Assault         Tloc           56%        N/A       4%          4
 Passage of Golubria      Tloc           56%        N/A       4%          4
 Call Imp                 Summ           54%        N/A       5%          2
 Ensorcelled Hibernation  Hex/Ice        54%        N/A       5%          2
 Jinxbite                 Hex            54%        N/A       5%          2
 Anguish                  Hex/Necr       24%        N/A       9%          4
 Martyr's Knell           Necr/Summ      49%        N/A       9%          4
 Yara's Violent Unravell  Hex/Alch       21%        3d10      10%         5
 Confusing Touch          Hex            27%        N/A       11%         3
 Ozocubu's Armour         Ice            27%        N/A       11%         3
 Sigil of Binding         Hex            27%        N/A       11%         3
 Summon Ice Beast         Ice/Summ       27%        N/A       11%         3
 Tukima's Dance           Hex            27%        N/A       11%         3
 Dimensional Bullseye     Hex/Tloc       21%        N/A       12%         4
 Alistair's Intoxication  Alch           37%        N/A       12%         5
 Permafrost Eruption      Ice/Erth       30%        2x4d9     12%         6
 Eringya's Noxious Bog    Alch           28%        4d6       17%         6
 Lehudib's Crystal Spear  Conj/Erth      42%        10d10     22%         8
 Death Channel            Necr           31%        N/A       30%         6
 Cause Fear               Hex            13%        N/A       34%         4
 Summon Forest            Summ/Tloc      21%        N/A       34%         5
 Dispersal                Tloc           28%        N/A       56%         6
 Summon Mana Viper        Hex/Summ       27%        N/A       67%         5
 Sculpt Simulacrum        Ice/Alch       21%        N/A       88%         6
 Ozocubu's Refrigeration  Ice            13%        4d10      99%         7
 Enfeeble                 Hex            13%        N/A       100%        7
 Malign Gateway           Summ/Tloc      21%        N/A       100%        7
 Summon Hydra             Summ           13%        N/A       100%        7
 Death's Door             Necr           31%        N/A       100%        9
 Dragon's Call            Summ           13%        N/A       100%        9
 Polar Vortex             Ice            13%        12d1*     100%        9
 Animate Armour           Summ/Erth      Unusable   N/A       N/A         4

Dungeon Overview and Level Annotations

Branches:
Dungeon (15/15)            Temple (1/1) D:7            Lair (5/5) D:8
 Shoals (4/4) Lair:2       Spider (4/4) Lair:3        Slime (5/5) Lair:5
    Orc (2/2) D:9             Elf (3/3) Orc:2        Vaults (4/5) D:14
  Crypt (0/3) Vaults:3     Depths (4/4) D:15            Zot (5/5) Depths:4
  Sewer (visited)         Gauntlet (visited)

Altars:
Ashenzari
Cheibriados
Dithmenos
Elyvilon
Fedhas
Gozag
Hepliaklqana
Kikubaaqudgha
Makhleb
Nemelex Xobeh
Okawaru
Qazlal
Ru
Sif Muna
Trog
Uskayaw
Vehumet
Wu Jian
Xom
Yredelemnul
Zin
The Shining One
Beogh
Jiyva

Shops:
D:7 :*   D:10 [   Orc:1 *   Orc:2 *[*[   Elf:1 (   Elf:3 [!([=   Shoals:2 [[[
Vaults:1 ?   Vaults:2 *   Depths:3 (:=:

Portals:
Hell: Depths:1 Depths:2 Depths:3 Depths:4
Abyss: Depths:2 Depths:3
Pandemonium: Depths:2
Ziggurat: Depths:3
Trove: Depths:4 (give 4 scrolls of blinking)

Annotations:
D:5 2 runed translucent doors, Hsik's ghost, amateur NaAl
Shoals:4 exclusion: 2 oklob plants
Spider:1 Roxanne
Slime:4 1 exclusion
Elf:2 5 runed translucent doors, exclusion: 5 doors
Vaults:2 3 runed translucent doors
Zot:5 1 exclusion


Innate Abilities, Weirdness & Mutations

You can breathe corrosive fumes.
Your golden yellow scales are hard. (AC +12)
You cannot fit into any form of body armour.
You have acidic saliva.
You are cold-blooded and may be slowed by cold attacks.
You are resistant to acid. (rCorr)
You are agile. (Dex +4, Str/Int -1)
You sometimes lose your temper in combat.
Your body sometimes deteriorates upon taking damage.
Your system is resistant to poisons. (rPois)
Your muscles are strong. (Str +4, Int/Dex -1)


Message History

You block the Executioner's attack. x2; The Executioner misses you.
You block the Executioner's attack. x2; The Executioner hits you!!
The Executioner hits you but does no damage. x2
You take 27 damage, and have 172/199 hp.
The electricity discharges through the Executioner!!!
The Executioner vaporises in an electric haze!
You kill the Executioner!
Vehumet accepts your kill.
You feel your power returning.
You regained 3 mp, and now have 29/45 mp.
A neqoxec comes into view.
There is a stone staircase leading up here.
You regained 7 hp, and now have 180/199 hp.
You regained 9 mp, and now have 38/45 mp.
You feel a surge of power!
The bolt of lightning hits the neqoxec.
The neqoxec is lightly wounded.
The fiery plasma hits the neqoxec!!!
You kill the neqoxec!
Vehumet accepts your kill.
You now have 33/45 mp.
You climb upwards.
There is a stone staircase leading down here.
Magic restored.
There is a stone staircase leading up here.
You climb upwards.
There is a stone staircase leading down here.
You see here a +0 flail.
You see here a +0 club.
Things that are here:
a potion of degeneration; 2 potions of attraction HP restored.
There is a stone staircase leading up here.
You climb upwards.
There is a stone staircase leading down here.
There is a stone staircase leading up here.
You climb upwards.
Level annotation: 2 runed translucent doors, Hsik's ghost, amateur NaAl
There is a stone staircase leading down here.
There is a stone staircase leading up here.
You climb upwards.
There is a stone staircase leading down here.
Things that are here:
2 stones; a +0 whip A sixfirhy and a chaos spawn come into view.
Health restored: 199; MP restored: 45
Casting: Plasma Beam (safe; 1% risk of failure)
Confirm with . or Enter, or press ? or * to list all spells.
Casting: Ignition (mildly dangerous; 1% risk of failure)
Press: ? - help, Dir - look around, f - activate The air bursts into flame!
The fireball engulfs the sixfirhy!
The sixfirhy is heavily wounded.
The fireball engulfs the chaos spawn!!
The chaos spawn is severely wounded.
The fireball engulfs the chaos spawn!!
You kill the chaos spawn!
Vehumet accepts your kill.
You feel your power returning.
The chaos spawn degenerates into a cloud of primal chaos!
The fireball engulfs the sixfirhy!!
You kill the sixfirhy!
Vehumet accepts your kill.
You feel your power returning.
You now have 43/45 mp.
A large abomination comes into view.
Riffiast comes into view. It is armed with a freezing touch.
Blink to where?
Press: ? - help, Dir - move target
As you read the scroll of blinking, it crumbles to dust.
Magic restored.
You climb upwards.
There is a stone staircase leading down here.
MP restored: 45 An Orb Guardian comes into view.
There is a stone staircase leading up here.
You feel a surge of power!
The bolt of lightning hits the Orb Guardian!
The Orb Guardian is moderately wounded.
The fiery plasma hits the Orb Guardian!!!
The Orb Guardian is almost dead.
You now have 39/45 mp.
You feel a surge of power!
The bolt of lightning hits the Orb Guardian!!
You kill the Orb Guardian!
Vehumet accepts your kill.
You feel your power returning.
You now have 37/45 mp.
You climb upwards.
There is a stone staircase leading down here.
Key pressed, stopping travel.
Unknown command.
You regained 2 mp, and now have 39/45 mp.
Magic restored.
There is a stone staircase leading up here.
You climb upwards.
There is a stone staircase leading down here.
You open the door.
There is an open door here.
There is a staircase leading out of the dungeon here.
MP restored: 45 You have escaped!

######......#######....# #...#
.....#......# ####.# ##..#
....##......######## #)######÷#
....##.#######.....# #..).#...#
....##÷# ##.....⌠..# ####.#.#>#
.......###.........#### #.#.#.#
...######....#......#.# #.#.#'###
...........###........###.#......
.##.......## #..@..#...##.'......
.##.....#..###..........###......
.##.....#....#......#.#.###......
.######.##.........####..........
.# #.###.....⌠..# #..........
#######'######.....# #........÷.
#.......# ####### #.......###
#...)...#### #.......#
#.......'..# #.......#


There were no monsters in sight!

Vanquished Creatures
  the Royal Jelly (Slime:5)
  Tiamat (Zot:3)
  2 dread liches (Zot:5)
  2 ancient liches (Zot:5)
  4 orbs of fire
  11 Killer Klowns
  Sojobo (Depths:1)
  8 caustic shrikes
  Nikola (Spider:2)
  8 golden dragons
  2 bone dragons (Depths:4)
  Jory (Vaults:3)
  6 electric golems
  An Ice Fiend (D:12)
  Jorgrun (Spider:2)
  Mlioglotl (Lair:3)
  21 tentacled monstrosities
  2 liches
  A titan (Depths:4)
  5 quicksilver dragons
  27 Orb Guardians
  2 deep elf blademasters (Elf:3)
  Asterion (Depths:1)
  A deep elf master archer (Elf:3)
  A walking frostbound tome (Depths:2)
  2 sphinxes (Depths:2)
  A kraken (Shoals:2)
  Polyphemus (Shoals:2)
  20 acid blobs
  An Executioner (D:9)
  7 death cobs
  Frances (D:14)
  10 storm dragons
  Ilsuiw (Shoals:2)
  13 azure jellies
  5 shadow dragons
  3 tengu reavers
  Donald (Vaults:3)
  4 draconian monks
  A daeva (Depths:3)
  2 protean progenitors (Zot:1)
  8 fire giants
  8 rockslimes
  6 draconian scorchers
  3 frost giants (Depths:2)
  4 draconian knights
  7 draconian shifters
  7 deep elf sorcerers
  9 vault wardens
  An angel (Depths:3)
  3 emperor scorpions (Spider:4)
  3 iron dragons (Depths:3)
  10 ghost moths
  3 orc warlords
  4 draconian stormcallers
  Louise (D:14)
  6 deep elf elementalists (Elf:3)
  A spectral juggernaut (Depths:1)
  3 spriggan defenders
  10 draconian annihilators
  8 quicksilver oozes
  17 ironbound preservers
  13 stone giants
  23 very ugly things
  10 formless jellyfish
  2 vampire knights
  3 deep elf demonologists (Elf:3)
  11 white draconians
  11 yellow draconians
  4 deep elf death magi
  9 ironbound thunderhulks
  5 deep elf annihilators (Elf:3)
  11 black draconians
  13 green draconians
  A war gargoyle (Vaults:4)
  7 red draconians
  14 purple draconians
  A minotaur (Gauntlet)
  A lorocyproca (Zot:1)
  8 spark wasps
  4 ettins (Depths:2)
  8 dire elephants (Vaults:1)
  8 merfolk impalers
  A quicksilver dragon zombie (D:15)
  13 fire dragons
  3 jiangshi (Depths:3)
  14 yaktaur captains
  3 deep elf high priests (Elf:3)
  5 merfolk javelineers
  6 entropy weavers
  11 great orbs of eyes
  10 vault guards
  6 hydras
  9 ice dragons
  3 spriggan air magi
  9 rakshasas
  A peacekeeper (Vaults:4)
  3 ogre magi
  3 death knights
  11 two-headed ogres
  3 ironbound frosthearts
  3 merfolk avatars
  5 centaur warriors
  3 radroaches
  2 jorogumos (Spider:4)
  18 dancing weapons
  A merfolk aquamancer (Shoals:3)
  An alligator snapping turtle (Shoals:2)
  3 satyrs
  4 boulder beetles
  11 death yaks
  2 vampire magi
  5 deep troll shamans
  14 tengu warriors
  9 demonic crawlers
  4 spriggan berserkers
  4 orc high priests
  4 hell hogs
  5 deep troll earth magi
  2 hell knights
  2 occultists (Depths:2)
  A soul eater (D:10)
  Urug (D:10)
  20 deep elf knights
  A storm dragon zombie (D:15)
  A titan skeleton (Vaults:4)
  A sun demon (Depths:1)
  A sixfirhy (D:4)
  A fire crab (Lair:5)
  6 pharaoh ants
  7 skysharks
  3 skeletal warriors
  5 iron trolls
  2 shadow demons
  4 flayed ghosts
  3 sea snakes
  10 orb spiders
  A lindwurm (shapeshifter) (Depths:2)
  2 sun moths
  53 deep trolls
  14 harpies
  A large abomination (D:9)
  7 glowing orange brains
  14 deep elf archers
  13 orc knights
  A tengu zombie (Vaults:4)
  12 arcanists
  2 thermic dynamos
  16 ironbound convokers
  4 lindwurms
  28 deep elf pyromancers
  31 deep elf zephyrmancers
  2 necromancers
  7 orc sorcerers
  4 shining eyes
  An obsidian bat (Orc:2)
  8 steelbarb worms
  A salamander (Depths:1)
  59 ugly things
  8 cyclopes
  14 fauns
  16 wolf spiders
  An elephant (Lair:5)
  12 merfolk sirens
  Maurice (D:9)
  An oklob plant (Gauntlet)
  2 kobold blastminers (Orc:2)
  35 moths of wrath
  7 water nymphs
  An apocalypse crab (Gauntlet)
  12 manticores
  3 meliai (D:15)
  A meliai (shapeshifter) (D:12)
  6 black mambas
  Joseph (D:8)
  11 vault sentinels
  3 eyes of devastation (Slime:5)
  9 torpor snails
  13 cane toads
  A gargoyle (D:14)
  2 smoke demons
  4 rime drakes
  21 yaktaurs
  2 unseen horrors
  3 freezing wraiths
  3 kobold demonologists (D:13)
  14 komodo dragons
  8 tengu conjurers
  A yaktaur (shapeshifter) (Depths:3)
  9 wind drakes
  A red devil (D:10)
  31 merfolk
  9 polar bears
  8 trolls
  9 hornets
  27 tarantellas
  A glass eye (Slime:5)
  A blink frog (Lair:5)
  A fire giant simulacrum (Vaults:4)
  4 dream sheep (Shoals:4)
  A spriggan zombie (D:15)
  26 culicivoras
  20 jumping spiders
  A jumping spider (shapeshifter) (Elf:3)
  13 snapping turtles
  68 slime creatures
  3 spriggans
  A spriggan (shapeshifter) (D:12)
  15 water elementals
  An air elemental (Elf:3)
  5 wraiths
  5 fire elementals
  40 yaks
  A warg (Orc:1)
  5 golden eyes (Slime:2)
  8 wyverns
  2 basilisks
  A hog (shapeshifter) (Elf:2)
  3 steam dragons
  9 vampire mosquitoes
  A neqoxec (D:9)
  A chaos spawn (D:4)
  61 redbacks
  Menkaure (D:5)
  3 swamp worms (Lair:4)
  2 acid dragons (Gauntlet)
  A human skeleton (Vaults:4)
  18 water moccasins
  3 black bears
  26 orc warriors
  A black bear (shapeshifter) (Elf:1)
  5 ogres
  3 wolves
  An ettin simulacrum (Vaults:4)
  5 centaurs
  3 phantoms
  10 kobold brigands
  6 bullfrogs
  5 gnoll sergeants
  A scorpion (D:6)
  2 earth elementals (Elf:1)
  4 wights (D:7)
  5 killer bees (D:8)
  An oklob sapling (D:7)
  2 howler monkeys
  4 electric eels
  2 gnoll boudas
  6 hounds
  A bombardier beetle (D:6)
  31 orc priests
  5 iguanas
  23 orc wizards
  7 hell rats (Lair:4)
  36 gnolls
  10 adders
  5 river rats
  A white imp (D:8)
  4 ufetubi (D:6)
  2 ribbon worms
  2 dart slugs
  52 orcs
  18 ball pythons
  6 bats
  6 endoplasms
  10 giant cockroaches
  7 goblins
  5 hobgoblins
  6 jackals
  22 kobolds
  2 quokkas
  7 frilled lizards
  12 rats
  3 aspiring fleshes (Zot:1)
  2 tentacles (Shoals:2)
2051 creatures vanquished.

Vanquished Creatures (collateral kills)
  An acid blob (Slime:5)
  2 rockslimes (Slime:5)
  A vault warden (Vaults:3)
  2 ugly things (Vaults:3)
6 creatures vanquished.

Vanquished Creatures (others)
  A golden dragon (Zot:5)
  A draconian knight (Zot:3)
  A dancing weapon (Elf:1)
  2 orc wizards
  2 tentacles (Shoals:2)
7 creatures vanquished.

Grand Total: 2064 creatures vanquished

Notes
Turn   | Place    | Note
-------+----------+-------------------------------------------
     0 | D:1      | backslashecho the Draconian Conjurer began the quest for
                  | the Orb.
     0 | D:1      | Reached XP level 1. HP: 14/14 MP: 3/3
   139 | D:1      | Reached XP level 2. HP: 20/20 MP: 0/5
   794 | D:1      | Reached XP level 3. HP: 21/26 MP: 1/7
  1328 | D:2      | Learned a level 3 spell: Stone Arrow
  1343 | D:2      | Learned a level 2 spell: Searing Ray
  1525 | D:2      | Reached XP level 4. HP: 33/33 MP: 5/9
  1678 | D:3      | Reached skill level 1 in Earth Magic
  1822 | D:3      | Reached XP level 5. HP: 38/38 MP: 7/10
  1992 | D:3      | Found a glowing drain.
  1996 | Sewer    | Entered a sewer
  2048 | Sewer    | Reached skill level 5 in Conjurations
  2191 | Sewer    | Reached XP level 6. HP: 45/45 MP: 9/12
  2471 | Sewer    | Reached skill level 5 in Spellcasting
  2633 | Sewer    | Reached skill level 1 in Fighting
  2633 | Sewer    | Your scales start taking on a golden yellow colour.
  2633 | Sewer    | Reached XP level 7. HP: 52/52 MP: 5/14
  2633 | Sewer    | Gained mutation: You are resistant to acid. (rCorr) [Yellow
                  | Draconian growth]
  3358 | D:4      | Found a stormy altar of Qazlal.
  3745 | D:4      | Identified the +5 sling of Impermanence {flame, Int+5}
  3812 | D:4      | Reached skill level 5 in Earth Magic
  3812 | D:4      | Reached XP level 8. HP: 57/63 MP: 10/15
  3818 | D:4      | Learned a level 4 spell: Iskenderun's Mystic Blast
  3929 | D:5      | Entered Level 5 of the Dungeon
  4095 | D:5      | Reached skill level 1 in Translocations
  4691 | D:5      | Noticed Menkaure
  4695 | D:5      | Killed Menkaure
  4798 | D:5      | Found a runed translucent door.
  4800 | D:5      | Noticed Hsik's ghost (amateur NaAl)
  4815 | D:5      | Reached skill level 5 in Fighting
  4839 | D:5      | Found a runed translucent door.
  5680 | D:6      | Reached XP level 9. HP: 74/74 MP: 11/16
  5858 | D:6      | Reached skill level 1 in Shields
  6397 | D:7      | Found a staircase to the Ecumenical Temple.
  6444 | Temple   | Entered the Ecumenical Temple
  6456 | Temple   | Became a worshipper of Vehumet
  6496 | D:7      | Reached skill level 5 in Translocations
  6518 | D:7      | Found Hodiplum's Self-Improvement Boutique.
  6873 | D:7      | Found Imitic's General Store.
  6881 | D:7      | Bought a potion of heal wounds for 80 gold pieces
  6881 | D:7      | Bought a scroll of identify for 32 gold pieces
  6881 | D:7      | Bought a scroll of identify for 32 gold pieces
  7234 | D:8      | Learned a level 2 spell: Blink
  7327 | D:8      | Found a sparkling altar of Nemelex Xobeh.
  7385 | D:8      | Noticed a centaur warrior
  7398 | D:8      | Killed a centaur warrior
  7477 | D:8      | Reached skill level 5 in Shields
  7509 | D:8      | Noticed a komodo dragon
  7521 | D:8      | Killed a komodo dragon
  7522 | D:8      | Reached XP level 10. HP: 81/81 MP: 10/19
  7564 | D:8      | Noticed Joseph
  7614 | D:8      | Killed Joseph
  7727 | D:8      | Found a staircase to the Lair.
  7778 | D:8      | Reached * piety under Vehumet
  7778 | D:8      | Offered knowledge of Foxfire by Vehumet.
  7784 | D:8      | Reached skill level 5 in Dodging
  7863 | D:8      | Found a shimmering altar of Xom.
  8111 | D:8      | Noticed a two-headed ogre
  8123 | D:8      | Killed a two-headed ogre
  8124 | D:8      | Reached skill level 9 in Conjurations
  8468 | D:9      | Reached skill level 1 in Evocations
  8490 | D:9      | Noticed Maurice
  8500 | D:9      | Something stole an amulet of the acrobat
  8508 | D:9      | Killed Maurice
  8584 | D:9      | Found a staircase to the Orcish Mines.
  8772 | D:9      | Found an opulent altar of Gozag.
  8772 | D:9      | Found a burning altar of Makhleb.
  8939 | D:9      | Offered knowledge of Freeze by Vehumet.
  9158 | D:9      | Noticed a two-headed ogre
  9177 | D:9      | Killed a two-headed ogre
  9210 | D:9      | Found a bloodstained altar of Trog.
  9253 | D:10     | Entered Level 10 of the Dungeon
  9329 | D:10     | Found El's Dragon-Slaying Spoils.
  9581 | D:10     | Reached ** piety under Vehumet
  9678 | D:10     | Reached XP level 11. HP: 86/86 MP: 7/21
 10650 | D:11     | Found a gate leading to a gauntlet.
 10659 | Gauntlet | Entered a Gauntlet
 10659 | Gauntlet | Found a transporter.
 10720 | Gauntlet | Found a transporter.
 10723 | Gauntlet | Found a transporter.
 10734 | Gauntlet | Found a transporter.
 10737 | Gauntlet | Found a transporter.
 10739 | Gauntlet | Noticed a sixfirhy
 10741 | Gauntlet | Noticed a sixfirhy
 10743 | Gauntlet | Noticed a sixfirhy
 10751 | Gauntlet | Found a transporter.
 10763 | Gauntlet | Found a transporter.
 10774 | Gauntlet | Found a runed translucent door.
 10779 | Gauntlet | Found a transporter.
 10785 | Gauntlet | Found a transporter.
 10788 | Gauntlet | Noticed a sixfirhy
 10791 | Gauntlet | Noticed a sixfirhy
 10793 | Gauntlet | Noticed a sixfirhy
 10798 | Gauntlet | Noticed a sixfirhy
 10801 | Gauntlet | Found a transporter.
 10801 | Gauntlet | Found a transporter.
 10803 | Gauntlet | Found a transporter.
 10819 | Gauntlet | Found a transporter.
 10828 | Gauntlet | Noticed an oklob plant
 10830 | Gauntlet | Found a transporter.
 11223 | Gauntlet | Killed an oklob plant
 11318 | Gauntlet | Reached skill level 5 in Evocations
 11332 | Gauntlet | Identified the +5 cloak "Lihunuank" {+Blink rC+ Str+4
                  | Dex-3}
 11441 | Gauntlet | Noticed a minotaur
 11448 | Gauntlet | Killed a minotaur
 11475 | D:11     | Noticed Urug
 11498 | D:10     | Killed Urug
 11845 | D:11     | Learned a level 5 spell: Fireball
 11875 | D:11     | Noticed a tengu warrior
 11897 | D:11     | Killed a tengu warrior
 11898 | D:11     | Reached skill level 1 in Fire Magic
 11949 | D:11     | Reached skill level 2 in Fire Magic
 11990 | D:11     | Offered knowledge of Mephitic Cloud by Vehumet.
 11991 | D:11     | Reached skill level 3 in Fire Magic
 12621 | Lair:1   | Entered Level 1 of the Lair of Beasts
 12760 | D:7      | Bought a scroll of teleportation for 48 gold pieces
 12760 | D:7      | Bought a staff of alchemy for 400 gold pieces
 12760 | D:7      | Bought a scroll of fear for 64 gold pieces
 12841 | Lair:1   | Reached skill level 4 in Fire Magic
 13113 | Lair:1   | Reached skill level 9 in Shields
 13113 | Lair:1   | Reached XP level 12. HP: 94/94 MP: 17/24
 13145 | Lair:1   | Reached *** piety under Vehumet
 13148 | Lair:1   | Reached skill level 5 in Fire Magic
 13765 | Lair:2   | Reached skill level 6 in Fire Magic
 13768 | Lair:2   | Offered knowledge of Inner Flame by Vehumet.
 14302 | Lair:2   | Found the +10 zealot's sword {holy, Zealotry, *Rage rN+
                  | EV+3}
 14418 | Lair:2   | Reached skill level 7 in Fire Magic
 14431 | Lair:2   | Noticed a boulder beetle
 14444 | Lair:2   | Killed a boulder beetle
 14445 | Lair:2   | Reached skill level 9 in Spellcasting
 14534 | Lair:2   | Identified the +6 dagger of True Grit {freeze, rN+}
 14809 | Lair:2   | Found a staircase to the Shoals.
 14919 | Lair:2   | Reached skill level 8 in Fire Magic
 14985 | Lair:3   | Reached **** piety under Vehumet
 15236 | Lair:3   | Found a hole to the Spider Nest.
 15303 | Lair:3   | Noticed a seven-headed hydra
 15323 | Lair:3   | Offered knowledge of Olgreb's Toxic Radiance by Vehumet.
 15402 | Lair:3   | Killed a seven-headed hydra
 15403 | Lair:3   | Reached skill level 9 in Fire Magic
 16027 | Lair:4   | Noticed a six-headed hydra
 16032 | Lair:4   | Killed a six-headed hydra
 16033 | Lair:4   | Reached XP level 13. HP: 96/100 MP: 13/26
 16345 | Lair:4   | Got the Compendium of the Mantle
 16368 | Lair:4   | Learned a level 5 spell: Borgnjor's Vile Clutch
 16520 | Lair:4   | Reached skill level 1 in Necromancy
 17583 | Lair:5   | Entered Level 5 of the Lair of Beasts
 17874 | Lair:5   | Reached skill level 10 in Fire Magic
 17972 | Lair:5   | Reached ***** piety under Vehumet
 18060 | Lair:4   | Offered knowledge of Bombard by Vehumet.
 18089 | Lair:4   | Reached skill level 5 in Necromancy
 18516 | Lair:5   | Found a staircase to the Slime Pits.
 18518 | Lair:5   | Found a viscous altar of Jiyva.
 18831 | Lair:5   | Reached skill level 9 in Dodging
 19034 | Lair:5   | Gained mutation: You have acidic saliva. [Yellow Draconian
                  | growth]
 19034 | Lair:5   | Reached XP level 14. HP: 107/107 MP: 20/28
 19623 | Lair:5   | Identified the ring of the Commoners {rCorr EV+5 Str+6
                  | Int-3}
 20101 | Orc:1    | Entered Level 1 of the Orcish Mines
 20698 | Orc:1    | Found a roughly hewn altar of Beogh.
 20797 | Orc:1    | Found Bite Rewn's General Store.
 20801 | Orc:1    | Bought a potion of heal wounds for 70 gold pieces
 21214 | Orc:2    | Entered Level 2 of the Orcish Mines
 21245 | Orc:2    | Noticed an orc warlord
 21646 | Orc:2    | Reached skill level 9 in Earth Magic
 21681 | Orc:2    | Found a staircase to the Elven Halls.
 21930 | Orc:2    | Killed an orc warlord
 22219 | Orc:2    | Found Xeohagri's Armour Shoppe.
 22307 | Orc:2    | Found Dapt's General Store.
 22314 | Orc:2    | Found Tuwn's Antique Armour Shop.
 22316 | Orc:2    | Found Uhalecsu's General Store.
 22325 | Orc:2    | Bought a phantom mirror for 520 gold pieces
 22327 | Orc:2    | Bought a pair of runed gloves for 165 gold pieces
 22327 | Orc:2    | Bought a glowing hat for 154 gold pieces
 22389 | Orc:1    | Bought a tin of tremorstones (2/2) for 560 gold pieces
 22389 | Orc:1    | Bought a staff of conjuration for 350 gold pieces
 22531 | D:9      | Upgraded the game from 0.32-a0-814-g0968bab981 to
                  | 0.32-a0-818-gb728d0252e
 22539 | D:9      | Learned a level 6 spell: Bombard
 23115 | D:12     | Found a transporter.
 23129 | D:12     | Found a transporter.
 23130 | D:12     | Found a transporter.
 23132 | D:12     | Found the +27 heavy crossbow "Sniper" {heavy, Acc+∞ SInv}
 23150 | D:12     | Found a transporter.
 23368 | D:12     | Found a sacrificial altar of Ru.
 23464 | D:12     | Found a transporter.
 24183 | D:12     | Offered knowledge of Sticky Flame by Vehumet.
 24249 | D:12     | Reached XP level 15. HP: 113/113 MP: 6/30
 24685 | D:13     | Reached XP level 16. HP: 115/119 MP: 17/31
 25566 | D:13     | Identified the ring "Jienaosm" {rF+ Dex+6 Slay+4}
 25568 | D:13     | Identified the +7 scimitar "Zuduij" {drain, rN+ Str-3
                  | Dex+5}
 25569 | D:13     | Identified the +0 plate armour of the Wasteland {rElec rF-
                  | Str+5}
 25671 | D:14     | Noticed Frances
 25678 | D:14     | Killed Frances
 25679 | D:14     | Reached skill level 11 in Fire Magic
 25776 | D:14     | Identified the +0 tower shield "Hiusmac" {Str+4 Dex+3}
 25776 | D:14     | Noticed Louise
 25793 | D:14     | Found a snail-covered altar of Cheibriados.
 26041 | D:14     | You fall into a shaft and drop 1 floor!
 26041 | D:15     | Entered Level 15 of the Dungeon
 26049 | D:15     | Found a staircase to the Depths.
 26207 | D:15     | Reached skill level 12 in Spellcasting
 26441 | D:14     | Killed Louise
 26692 | D:14     | Found a gate to the Vaults.
 27389 | D:15     | Reached skill level 12 in Fire Magic
 27390 | D:15     | Reached skill level 12 in Conjurations
 27767 | D:15     | Reached skill level 5 in Staves
 28396 | D:10     | Learned a level 5 spell: Irradiate
 28532 | Spider:1 | Entered Level 1 of the Spider Nest
 28685 | Spider:1 | Reached skill level 1 in Alchemy
 28766 | Spider:1 | Offered knowledge of Yara's Violent Unravelling by Vehumet.
 29251 | Spider:1 | Noticed Mlioglotl
 29333 | Lair:3   | Killed Mlioglotl
 29426 | Spider:1 | Noticed Roxanne
 30180 | Spider:1 | Upgraded the game from 0.32-a0-818-gb728d0252e to
                  | 0.32-a0-834-geaf45d8e21
 30195 | Spider:2 | Noticed Jorgrun
 30222 | Spider:2 | Reached XP level 17. HP: 126/126 MP: 27/33
 30222 | Spider:2 | Noticed Nikola
 30297 | Spider:2 | Killed Nikola
 30302 | Spider:1 | Gained mutation: You occasionally shout uncontrollably at
                  | your foes. [mutagenic glow]
 30569 | Spider:2 | Reached skill level 5 in Alchemy
 30928 | Spider:2 | Killed Jorgrun
 33469 | Spider:4 | Entered Level 4 of the Spider Nest
 33647 | Spider:4 | Offered knowledge of Lee's Rapid Deconstruction by Vehumet.
 33659 | Spider:4 | Reached skill level 12 in Shields
 35836 | Spider:4 | Reached XP level 18. HP: 71/133 MP: 17/35
 35840 | Spider:4 | Reached ****** piety under Vehumet
 36027 | Spider:4 | Got a gossamer rune of Zot
 36068 | Spider:4 | Identified the +2 ring mail of Rationality {rF+ Int+3}
 36224 | Shoals:1 | Entered Level 1 of the Shoals
 36272 | Shoals:1 | Identified the +1 scimitar of Ignis's Delight {flame, rElec
                  | Str+2}
 36288 | Shoals:1 | Reached skill level 13 in Fire Magic
 36543 | Shoals:1 | Offered knowledge of Plasma Beam by Vehumet.
 36551 | Shoals:1 | Learned a level 6 spell: Plasma Beam
 36840 | Shoals:1 | Reached skill level 1 in Air Magic
 37263 | Shoals:2 | Found Zaivieh's Jewellery Boutique.
 37430 | Shoals:2 | Noticed Polyphemus
 37437 | Shoals:2 | Noticed Ilsuiw
 37439 | Shoals:2 | Killed Polyphemus
 37741 | Shoals:2 | Found Losye's Antique Armour Emporium.
 37766 | Shoals:2 | Bought a pair of glowing boots for 225 gold pieces
 37919 | Shoals:2 | Killed Ilsuiw
 38182 | Shoals:2 | Found Eczoiny's Armour Shoppe.
 38394 | Shoals:2 | Found Mat Nity's Armour Shop.
 38547 | Shoals:2 | Reached skill level 5 in Air Magic
 39028 | Shoals:3 | Offered knowledge of Ozocubu's Refrigeration by Vehumet.
 39493 | Shoals:4 | Entered Level 4 of the Shoals
 39915 | Shoals:4 | Reached skill level 14 in Fire Magic
 40126 | Shoals:4 | Got the Vellum of Illusory Burning
 40442 | Shoals:4 | Found the +4 skin of Zhor {*Englaciate rC+++ SInv}
 40525 | Shoals:4 | Got a barnacled rune of Zot
 41006 | Vaults:1 | Entered Level 1 of the Vaults
 41410 | Vaults:1 | Reached XP level 19. HP: 96/138 MP: 18/36
 41435 | Vaults:1 | Upgraded the game from 0.32-a0-834-geaf45d8e21 to
                  | 0.32-a0-841-g4648e6c457
 41687 | Vaults:1 | Reached skill level 9 in Air Magic
 41835 | Vaults:1 | Found Ugu Zoes's Magic Scroll Emporium.
 41843 | Vaults:1 | Bought a scroll of teleportation for 66 gold pieces
 41843 | Vaults:1 | Bought a scroll of fear for 88 gold pieces
 41934 | Vaults:1 | Learned a level 1 spell: Apportation
 42185 | Vaults:1 | Offered knowledge of Ignition by Vehumet.
 42200 | Vaults:1 | Learned a level 8 spell: Ignition
 43014 | Vaults:2 | Found Iconuc's General Store.
 43524 | Vaults:2 | Reached skill level 15 in Fire Magic
 43608 | Vaults:2 | Found a runed translucent gate.
 43608 | Vaults:2 | Found a runed translucent gate.
 43608 | Vaults:2 | Found a runed translucent gate.
 43965 | Vaults:2 | Reached skill level 15 in Shields
 44982 | Vaults:3 | Noticed Jory
 45177 | Vaults:3 | Reached skill level 12 in Air Magic
 45186 | Vaults:3 | Offered knowledge of Fire Storm by Vehumet.
 45186 | Vaults:3 | Offered knowledge of Shatter by Vehumet.
 45186 | Vaults:3 | Offered knowledge of Chain Lightning by Vehumet.
 45578 | Vaults:3 | Reached XP level 20. HP: 146/146 MP: 23/37
 46461 | Vaults:3 | Found a staircase to the Crypt.
 47200 | Vaults:3 | Noticed Donald
 47203 | Vaults:3 | Killed Donald
 47278 | Vaults:3 | Killed Jory
 47510 | Vaults:4 | Reached skill level 16 in Fire Magic
 48988 | Vaults:4 | Found the +10 tower shield of Ignorance {rN+ Int-4}
 49095 | Vaults:4 | Identified the +7 morningstar "Jellybane" {antimagic,
                  | +Blink rCorr}
 49618 | Elf:1    | Entered Level 1 of the Elven Halls
 50048 | Slime:1  | Entered Level 1 of the Pits of Slime
 50058 | Lair:5   | Reached skill level 15 in Air Magic
 50152 | Slime:1  | Gained mutation: You sometimes lose your temper in combat.
                  | [a shining eye]
 50200 | Slime:2  | Paralysed by a formless jellyfish for 1 turns
 50210 | Slime:1  | HP: 4/146 [acid blob/splash of acid (13)]
 50215 | Lair:5   | HP: 1/146 [poisoned by a formless jellyfish]
 50555 | Slime:1  | Reached XP level 21. HP: 138/151 MP: 6/39
 51013 | Slime:2  | You fall into a shaft and drop 2 floors!
 51361 | Slime:5  | Entered Level 5 of the Pits of Slime
 51660 | Slime:5  | Reached skill level 15 in Spellcasting
 51669 | Slime:5  | Learned a level 8 spell: Maxwell's Capacitive Coupling
 51842 | Slime:5  | Noticed the Royal Jelly
 51860 | Slime:5  | Killed the Royal Jelly
 51861 | Slime:5  | Reached skill level 17 in Fire Magic
 52046 | Slime:5  | Found the brooch of Shielding {Spirit SH+8}
 52225 | Slime:5  | Identified the +0 ring mail of Honesty {rF+ Int+3}
 52233 | Slime:5  | Got a slimy rune of Zot
 52246 | Slime:5  | Gained mutation: You occasionally lose the ability to read
                  | scrolls when taking damage. [a shining eye]
 52321 | Slime:5  | Identified the +3 lajatang of Exoneration {freeze, MP-9
                  | Str+4 Int+2 SInv}
 53195 | Slime:5  | Paralysed by a formless jellyfish for 1 turns
 53736 | Elf:1    | Lost mutation: You sometimes lose your temper in combat.
                  | [potion of mutation]
 53736 | Elf:1    | Lost mutation: You occasionally shout uncontrollably at
                  | your foes. [potion of mutation]
 53736 | Elf:1    | Lost mutation: You occasionally lose the ability to read
                  | scrolls when taking damage. [potion of mutation]
 53736 | Elf:1    | Gained mutation: You sometimes lose your temper in combat.
                  | [potion of mutation]
 53736 | Elf:1    | Gained mutation: You are agile. (Dex +4, Str/Int -1)
                  | [potion of mutation]
 53736 | Elf:1    | Gained mutation: Your system is resistant to poisons.
                  | (rPois) [potion of mutation]
 53736 | Elf:1    | Gained mutation: Your muscles are strong. (Str +4, Int/Dex
                  | -1) [potion of mutation]
 54002 | Elf:1    | Found Dush's Weapon Emporium.
 55723 | Elf:2    | Found a huge runed translucent gate.
 55723 | Elf:2    | Found a huge runed translucent gate.
 55723 | Elf:2    | Found a huge runed translucent gate.
 55729 | Elf:2    | Found a huge runed translucent gate.
 55731 | Elf:2    | Found a huge runed translucent gate.
 56020 | Elf:3    | Entered Level 3 of the Elven Halls
 56067 | Elf:3    | Reached skill level 18 in Air Magic
 56183 | Elf:3    | Reached skill level 18 in Fire Magic
 56238 | Elf:3    | Reached XP level 22. HP: 149/158 MP: 20/41
 56633 | Elf:3    | Identified the +9 glaive of Beogh's Envy {speed, rF+
                  | Stlth+}
 56784 | Elf:3    | Identified the +0 robe of Deigg {Regen+}
 57406 | Elf:3    | Identified the ring "Puymaulo" {^Contam rPois rF+ rC+
                  | Int+3}
 57587 | Elf:3    | Identified the +11 trident of Sin {freeze, Str+4 Int+2
                  | Dex+3}
 57587 | Elf:3    | Identified the ring "Ugocagu" {rF+ rN+ Str+3 SInv Stlth+}
 57822 | Elf:3    | Found Tasmezi's Distillery.
 57827 | Elf:3    | Found Vofef's Armour Shop.
 57827 | Elf:3    | Found Ijaruj's Antique Weapon Boutique.
 57832 | Elf:3    | Bought a potion of heal wounds for 80 gold pieces
 57832 | Elf:3    | Bought a potion of curing for 48 gold pieces
 57832 | Elf:3    | Found Hiacsen's Jewellery Shop.
 57853 | Elf:3    | Found Luggu's Armour Shoppe.
 58195 | Elf:3    | Identified the +6 whip of Blood {holy, *Slow rF+ rCorr
                  | Str+4}
 58464 | Elf:3    | Got the Reference Book on Tenebrous Direction
 58474 | Elf:3    | Identified the +8 ice dragon scales of Soesuan {rF- rC++
                  | rN+ MP+9}
 58476 | Elf:3    | Got the Volume of the Liminal Wyrd
 58477 | Elf:3    | Identified the +5 falchion of Midsummer {heavy, rN+}
 58488 | Elf:3    | Identified the +1 chain mail "Yziv" {Harm Regen+}
 58808 | Depths:1 | Entered Level 1 of the Depths
 58808 | Depths:1 | Noticed Sojobo
 58817 | Depths:1 | Killed Sojobo
 58818 | Depths:1 | Reached skill level 19 in Fire Magic
 59201 | Depths:1 | Noticed Asterion
 59203 | Depths:1 | Killed Asterion
 59368 | Depths:1 | Found a gateway to Hell.
 59416 | Depths:1 | Found a basalt altar of Yredelemnul.
 59774 | Depths:2 | Found a one-way gate leading to the halls of Pandemonium.
 60275 | Depths:2 | Identified the ring of Heihici {*Corrode rF+ Int+8 Dex+2}
 60778 | Depths:2 | Reached skill level 21 in Air Magic
 60858 | Depths:2 | Reached skill level 20 in Fire Magic
 61034 | Depths:2 | Reached XP level 23. HP: 165/165 MP: 35/42
 61494 | Depths:2 | Found a one-way gate to the infinite horrors of the Abyss.
 62053 | Depths:3 | Found Unujyig's Book Shop.
 62053 | Depths:3 | Found Zecoalei's Jewellery Emporium.
 62054 | Depths:3 | Found Jokecha's Book Shop.
 62100 | Depths:3 | Found a one-way gateway to a ziggurat.
 62394 | Depths:3 | Noticed a caustic shrike
 62398 | Depths:3 | Killed a caustic shrike
 62402 | Depths:3 | Noticed a caustic shrike
 62409 | Depths:3 | Killed a caustic shrike
 62750 | Depths:3 | Noticed a caustic shrike
 62757 | Depths:3 | Killed a caustic shrike
 62864 | Depths:3 | Found Emaisory's Antique Weapon Shoppe.
 63015 | Depths:3 | Noticed a caustic shrike
 63020 | Depths:3 | Killed a caustic shrike
 63049 | Depths:3 | Reached skill level 21 in Fire Magic
 63113 | Depths:3 | Reached skill level 12 in Dodging
 63444 | Depths:4 | Entered Level 4 of the Depths
 63760 | Depths:4 | Found a portal to a secret trove of treasure.
 63769 | Depths:4 | Identified the +2 arbalest of Omnentod {antimagic, rF+
                  | Int+3 Dex-2}
 64123 | Depths:4 | Noticed a caustic shrike
 64123 | Depths:4 | Noticed a caustic shrike
 64124 | Depths:4 | Noticed a caustic shrike
 64128 | Depths:4 | Noticed a caustic shrike
 64588 | Depths:3 | Killed a caustic shrike
 64716 | Depths:4 | Killed a caustic shrike
 64780 | Depths:4 | Killed a caustic shrike
 64846 | Depths:4 | Killed a caustic shrike
 64865 | Depths:4 | Found a hide-covered altar of Uskayaw.
 65368 | Depths:4 | Found a gate to the Realm of Zot.
 65628 | Zot:1    | Entered Level 1 of the Realm of Zot
 65844 | Zot:1    | Reached XP level 24. HP: 175/183 MP: 21/43
 66000 | Zot:1    | Reached skill level 9 in Fighting
 67982 | Zot:2    | Reached skill level 15 in Conjurations
 68482 | Zot:2    | Reached skill level 9 in Staves
 68769 | Zot:2    | Noticed an orb of fire
 68774 | Zot:2    | Killed an orb of fire
 69261 | Zot:3    | Noticed a Killer Klown
 69266 | Zot:3    | Killed a Killer Klown
 69736 | Zot:3    | Reached XP level 25. HP: 192/192 MP: 42/44
 69823 | Zot:3    | Found the +4 dragonskin cloak {Aegis}
 69823 | Zot:3    | Noticed Tiamat
 69831 | Zot:3    | Killed Tiamat
 70442 | Zot:5    | Entered Level 5 of the Realm of Zot
 70522 | Zot:4    | Noticed an orb of fire
 70527 | Zot:4    | Killed an orb of fire
 70782 | Zot:4    | Noticed a Killer Klown
 70791 | Zot:4    | Killed a Killer Klown
 70792 | Zot:4    | Reached skill level 12 in Earth Magic
 71152 | Zot:4    | Reached skill level 18 in Spellcasting
 72082 | Zot:5    | Noticed a Killer Klown
 72084 | Zot:5    | Killed a Killer Klown
 72088 | Zot:5    | Noticed a Killer Klown
 72090 | Zot:5    | Noticed a Killer Klown
 72091 | Zot:5    | Noticed a dread lich
 72094 | Zot:5    | Noticed an orb of fire
 72094 | Zot:5    | Killed a Killer Klown
 72095 | Zot:5    | Reached skill level 12 in Staves
 72095 | Zot:5    | Gained mutation: Your body sometimes deteriorates upon
                  | taking damage. [an orb of fire]
 72095 | Zot:5    | Noticed a Killer Klown
 72096 | Zot:5    | Noticed an orb of fire
 72096 | Zot:5    | Killed a dread lich
 72098 | Zot:5    | Noticed a Killer Klown
 72100 | Zot:5    | Killed an orb of fire
 72103 | Zot:5    | Noticed an ancient lich
 72105 | Zot:5    | Killed an orb of fire
 72106 | Zot:5    | Killed a Killer Klown
 72107 | Zot:5    | Killed a Killer Klown
 72107 | Zot:5    | Noticed a Killer Klown
 72108 | Zot:5    | Reached skill level 22 in Fire Magic
 72108 | Zot:5    | Noticed a Killer Klown
 72108 | Zot:5    | Noticed a Killer Klown
 72372 | Zot:5    | Killed an ancient lich
 72374 | Zot:5    | Killed a Killer Klown
 72381 | Zot:4    | Killed a Killer Klown
 72431 | Zot:5    | Killed a Killer Klown
 72431 | Zot:5    | Noticed a Killer Klown
 72436 | Zot:5    | Killed a Killer Klown
 72569 | Zot:5    | Noticed a dread lich
 72582 | Zot:5    | Killed a dread lich
 72586 | Zot:5    | Killed a Killer Klown
 72600 | Zot:5    | Noticed an ancient lich
 72605 | Zot:5    | Killed an ancient lich
 72606 | Zot:5    | Reached skill level 23 in Fire Magic
 73576 | Zot:5    | Reached XP level 26. HP: 187/199 MP: 22/45
 73902 | Zot:5    | Got the Orb of Zot
 74385 | D:4      | Noticed Riffiast the pandemonium lord
 74473 | D:$      | Escaped with the Orb!

Illustrated notes

Levels and vault maps discovered:
D:1:      dpeg_arrival_arbitrary_c, layout_basic
D:2:      layout_rooms
D:3:      layout_basic, gup_sewer_entry_bowl, dreamdust_wishing_well
D:4:      layout_rooms, amcnicky_altar_gilded, minmay_quantized
D:5:      layout_basic, ebering_ghost_sewer_f, uniq_menkaure
D:6:      layout_basic
D:7:      layout_basic, minmay_temple_entry_oklob, serial_shops, shop,
          corexii_checkpoint, nicolae_shop_self_help
D:8:      minmay_goldmine, layout_cave_pools, mainiacjoe_overflow_alcove_1,
          mainiacjoe_overflow_chevrons, david_lair_shrubbed, uniq_joseph
D:9:      layout_loops_ring, bloody_trog, gammafunk_temple_overflow_wave,
          david_orc_3, uniq_maurice
D:10:     layout_stronghold, serial_park_tiny_2, nicolae_shop_dragon_depot,
          hangedman_decor_growths, nicolae_straight_to_the_point
D:11:     layout_big_octagon, gauntlet_entry_generic, uniq_urug
D:12:     gammafunk_the_bubble [the_bubble_gammafunk_roulette], layout_basic,
          nicolae_ru_path_of_blood
D:13:     dragon1_lemuel, layout_loops_ring, minmay_misc_feat_hallway
D:14:     layout_gridville, grunt_vaults_entry_fortified, nicolae_benzene_ring,
          cheibrodos_worm_habitat, uniq_louise, uniq_frances
D:15:     gammafunk_depths_entry_grave, layout_rooms, st_stairs_13
Temple:   nicolae_temple_bog_church
Lair:1:   layout_regular_city
Lair:2:   wad_woods_04, layout_hall_layers, elwin_shoals_entry_stream,
          pdpol_lair_cavern_descent, grunt_megastairs_3
Lair:3:   layout_loops_ring, spider_nest_entry_funnel_web,
          chequers_serial_rivers_large_a
Lair:4:   layout_layer_cave, worms_lemuel, grunt_megastairs_5,
          serial_bayou_shore_a
Lair:5:   gammafunk_lair_ancient_temple, layout_layer_cave,
          dpeg_slime_entry_corner, serial_rivers, chequers_serial_rivers_marsh,
          chequers_serial_rivers_marsh, chequers_serial_rivers_small_a,
          chequers_serial_rivers_micro_e, chequers_serial_rivers_marsh,
          chequers_serial_rivers_micro_e, infiniplex_staircase_pool,
          serial_bayou_shore_b, lemuel_fruit_tree
Shoals:1: layout_shoals
Shoals:2: layout_shoals, serial_shops, nicolae_shop_rolling_square, shop,
          nicolae_shop_window_shopping, nicolae_stop_n_shop_1,
          nicolae_shoals_kraken_intersection, uniq_polyphemus, uniq_ilsuiw
Shoals:3: layout_shoals
Shoals:4: shoals_end_hangedman, layout_shoals, nicolae_shoals_this_corrosion
Spider:1: layout_spider_delve, nicolae_spider_checkerboard, uniq_roxanne,
          uniq_mlioglotl
Spider:2: layout_spider_delve, uniq_nikola, uniq_jorgrun
Spider:3: layout_spider_delve
Spider:4: spider_rune_water, hangedman_spider_tarantella_strand
Slime:1:  layout_caves
Slime:2:  layout_caves
Slime:3:  layout_caves
Slime:4:  layout_caves
Slime:5:  slime_pit_nicolae_block_by_block
Orc:1:    cheibrodos_orc_arena, layout_caves, serial_shops,
          nicolae_shop_hallway_stairs, nicolae_orc_seminary
Orc:2:    st_orc_elflike, layout_diamond_mine
Elf:1:    layout_geoelf_grid, serial_shops, shop, minmay_elf_sorcery
Elf:2:    elven_hall_of_blades_hangedman_alternative [grunt_blade_entry_basic],
          layout_loops_cross, st_stairs_2
Elf:3:    minmay_elf_hall_dome, layout_gridlike, serial_shops,
          nicolae_shop_just_a_little_nook, onia_ninara_cookie, minmay_shoptagon
Vaults:1: nicolae_vaults_tangram_1, nicolae_vaults_little_squares_6,
          grunt_vaults_trifunnel, nicolae_vaults_circle_grid_b, v_misc_16,
          hangedman_vaults_river_flow, nicolae_vaults_storage_room_glass,
          nicolae_vaults_spaceships, ontoclasm_vaults_decontamination,
          nicolae_vaults_little_squares_2, layout_vaults_chaotic_city,
          serial_shops, shop
Vaults:2: ontoclasm_vaults_hangar, grunt_vaults_funnel,
          nicolae_vaults_sightless_eye, abrahamwl_protected_by_tso_3,
          nicolae_vaults_hallways_thing, vaults_room_fours,
          nicolae_vaults_offset_grid_hallway_1, vaults_room_hallway,
          vaults_mumra_hexcomb, v_rooms_3, v_misc_26,
          nicolae_vaults_little_squares_2, nicolae_vaults_trapezoid_lopsided_1,
          layout_vaults_ring, serial_shops, nicolae_shop_hallway_stairs
Vaults:3: blue_anna_dwarven_crypt, v_pattern_5,
          nicolae_vaults_trapezoid_layered, nicolae_vaults_network_s,
          nicolae_vaults_big_ls, nicolae_vaults_more_shelving_2, v_misc_10,
          vaults_room_pools, vaults_mumra_minichess_inversion,
          vaults_room_large_hall, nicolae_vaults_tetromino_T_1,
          nicolae_vaults_shipping_containers_3, nicolae_vaults_double_plus_2,
          vaults_dpeg_ring, ontoclasm_vaults_loading_screen,
          layout_vaults_omnicross, uniq_jory, uniq_donald
Vaults:4: nicolae_vaults_network_quinsquares
          [nicolae_vaults_network_quincunx_subvault,
          nicolae_vaults_network_quincunx_subvault,
          nicolae_vaults_network_quincunx_subvault,
          nicolae_vaults_network_quincunx_subvault], nicolae_vaults_octothorpe,
          nicolae_vaults_diamond_2, nicolae_vaults_heart-shaped_vault,
          vaults_standard_mumra_x, nicolae_vaults_windows_and_doors_thing,
          nicolae_vaults_weapon_check, hangedman_vaults_cutoff,
          nicolae_vaults_tetromino_L_2, layout_vaults_omnigrid
Depths:1: layout_cave_pools, hellmouth_1, yredelemnul_forgotten_temple_becter,
          uniq_sojobo, uniq_asterion
Depths:2: hangedman_box_tower, layout_honeycomb,
          regret_index_abyss_entry_earlier_magic, pan_entry,
          chequers_serial_rivers_room_a, hangedman_tar_grid_catacomb, drop_trap
Depths:3: minmay_the_grid_octo_triangle [minmay_the_grid_octo_checkerflower,
          minmay_the_grid_octo_prize_ultimate_mussel_roller,
          minmay_the_grid_octo_concentric], layout_gridlike, enter_ziggurat_d,
          pf_coc_iceberg, serial_shops, shop, abyss_entry_crystal,
          chequers_serial_rivers_micro_e, grunt_ministairs_6, hangedman_aviary,
          infiniplex_staircase_9_rooms, minmay_shop_grove, firewood_loft
Depths:4: grunt_zot_entry_tricorne, layout_cave_shapes, serial_bayou_lagoon_a,
          hell_entry, nicolae_trove_entry_crossroad, nicolae_uskayaw_dance_hall
Zot:1:    layout_onion_interference, st_stairs_3, grunt_megastairs_1
Zot:2:    kennysheep_oblong_rooms, layout_concentric_octagons
Zot:3:    layout_onion_interference, regret_index_zotdec_dark_gr, uniq_tiamat
Zot:4:    layout_gridville
Zot:5:    layout_concentric_octagons

Skill      XL: |  1  2  3  4  5  6  7  8  9 10 11 12 13 14 15 16 17 18 19 20 21 22 23 24 25 |
---------------+----------------------------------------------------------------------------+-----
Dodging        | 2 4 5 7 9 10 11 12 | 12.0
Spellcasting   | 3 4 5 6 7 8 9 10 11 12 13 14 15 16 17 18 | 18.0
Earth Magic    | 1 3 5 6 9 10 11 12 | 12.0
Conjurations   | 5 6 7 9 10 12 13 15 | 15.0
Fighting       | 1 3 5 8 9 |  9.0
Translocations | 4 5 |  5.0
Shields        | 5 6 9 10 12 14 15 | 15.4
Evocations     | 3 5 6 |  6.0
Fire Magic     | 4 9 10 12 14 15 16 18 20 21 23 | 23.9
Necromancy     | 5 7 |  7.0
Staves         | 4 6 10 12 | 12.0
Alchemy        | 4 5 |  5.0
Air Magic      | 8 12 15 18 21 22 | 22.2
Stealth        | |  1.7

Action                     |  1- 3 |  4- 6 |  7- 9 | 10-12 | 13-15 | 16-18 | 19-21 | 22-24 | 25-27 || total
---------------------------+-------+-------+-------+-------+-------+-------+-------+-------+-------++-------
  Melee: Dagger            |    14 |    17 |    12 |    16 |       |       |       |       |       ||    59
         Tailslap          |     3 |     1 |     2 |     4 |     4 |    42 |    45 |     1 |     5 ||   107
         Staff             |       |       |     1 |     3 |    21 |   228 |   143 |    17 |    13 ||   426
         Bite              |       |       |       |       |     1 |    40 |    38 |     3 |     5 ||    87
  Throw: Dart              |       |       |     2 |    11 |       |     1 |     1 |       |       ||    15
         Throwing net      |       |       |       |       |       |     1 |       |       |       ||     1
   Cast: Magic Dart        |    84 |    65 |   141 |   131 |     9 |       |       |       |       ||   430
         Stone Arrow       |     1 |    16 |    87 |   219 |   348 |   546 |     5 |       |       ||  1222
         Searing Ray       |       |     5 |     9 |    20 |     2 |     3 |       |       |       ||    39
         Blink             |       |       |     1 |     1 |       |       |     3 |       |       ||     5
         Iskenderun's Myst |       |       |       |    18 |    43 |    53 |    16 |     4 |       ||   134
         Fireball          |       |       |       |    13 |   104 |   295 |    33 |    36 |     2 ||   483
         Borgnjor's Vile C |       |       |       |       |    17 |    64 |    28 |    18 |       ||   127
         Bombard           |       |       |       |       |     8 |    77 |   130 |    70 |       ||   285
         Irradiate         |       |       |       |       |       |    32 |    22 |     7 |     3 ||    64
         Plasma Beam       |       |       |       |       |       |    11 |   445 |   531 |   150 ||  1137
         Ignition          |       |       |       |       |       |       |    18 |    67 |    13 ||    98
         Maxwell's Capacit |       |       |       |       |       |       |     7 |    37 |    21 ||    65
Ability: Caustic Breath    |       |       |     3 |     6 |     1 |    16 |     5 |     3 |     1 ||    35
  Evoke: Wand              |       |       |       |     8 |     7 |    15 |     1 |     6 |     2 ||    39
         Phantom mirror    |       |       |       |       |       |     1 |       |       |       ||     1
         Lightning rod     |       |       |       |       |       |     7 |       |       |       ||     7
         Tin of tremorston |       |       |       |       |       |     3 |     1 |       |       ||     4
    Use: Scroll            |       |       |    12 |    10 |     4 |     6 |     9 |     8 |     4 ||    53
         Potion            |       |       |       |       |     2 |    13 |     5 |     1 |     1 ||    22
   Stab: Sleeping          |       |       |       |       |       |       |     1 |       |       ||     1
 Armour: Skin              |    10 |    42 |    41 |   144 |   148 |   568 |   237 |   177 |    67 ||  1434
  Dodge: Dodged            |    19 |    27 |    40 |    83 |   100 |   578 |   133 |    72 |    21 ||  1073
  Block: Buckler           |       |       |     8 |    34 |    42 |    18 |       |       |       ||   102
         Kite shield       |       |       |       |       |       |   467 |       |       |       ||   467
         Tower shield      |       |       |       |       |       |     9 |   390 |   209 |    74 ||   682

Table legend: (Time is in decaauts)
 A = Elapsed time spent in this place.
 B = Non-inter-level travel time spent in this place.
 C = Inter-level travel time spent in this place.
 D = Time resting spent in this place.
 E = Time spent auto-exploring this place.
 F = Levels seen in this place.
 G = Mean time per level.
                   A        B        C        D        E       F      G
               +--------+--------+--------+--------+--------+-----+--------+
         Total |  75346 |  68333 |   7013 |   9255 |  45284 |  54 | 1395.3 |
       Dungeon |  18303 |  15378 |   2925 |   1137 |  11006 |  15 | 1220.2 |
        Temple |     24 |      2 |     22 |      0 |      0 |   1 |   24.0 |
          Lair |   8642 |   7721 |    921 |    153 |   6197 |   5 | 1728.4 |
        Shoals |   4935 |   4607 |    328 |    387 |   3346 |   4 | 1233.8 |
   Spider Nest |   7299 |   6851 |    448 |    727 |   4766 |   4 | 1824.8 |
    Slime Pits |   2914 |   2814 |    100 |   1016 |   1023 |   5 |  582.8 |
  Orcish Mines |   2399 |   2082 |    317 |    153 |   1437 |   2 | 1199.5 |
   Elven Halls |   5079 |   4699 |    380 |   1329 |   2609 |   3 | 1693.0 |
        Vaults |   8409 |   7784 |    625 |   1227 |   5324 |   4 | 2102.2 |
        Depths |   7002 |   6605 |    397 |   1128 |   4118 |   4 | 1750.5 |
           Zot |   8334 |   7789 |    545 |   1696 |   4435 |   5 | 1666.8 |
         Sewer |   1193 |   1193 |      0 |    165 |    675 |   1 | 1193.0 |
      Gauntlet |    809 |    809 |      0 |    137 |    345 |   1 |  809.0 |
               +--------+--------+--------+--------+--------+-----+--------+

Top non-repeatable levels by time:
Vaults:2: 2569 daAuts
Spider:4: 2517 daAuts
  Lair:4: 2450 daAuts
   Zot:2: 2325 daAuts
Depths:2: 2237 daAuts
Spider:1: 2229 daAuts
Depths:4: 2172 daAuts
Vaults:3: 2165 daAuts
  Lair:5: 2138 daAuts
   Elf:3: 2031 daAuts
    D:10: 1894 daAuts
Vaults:4: 1860 daAuts
    D:12: 1860 daAuts
   Zot:5: 1848 daAuts
Vaults:1: 1813 daAuts
